 Dungeon Crawl Stone Soup version 0.31-a0-200-gbc41564c69 (webtiles) character file.

Game seed: 7384720344629800828

1724 qw the Skirmisher (level 8, -1/46 HPs)
             Began as a Deep Elf Hunter on June 25, 2023.
             Slain by an orc
             ... wielding a +0 falchion
              (5 damage)
             ... on level 7 of the Dungeon.
             The game lasted 00:02:16 (5908 turns).

qw the Skirmisher (Deep Elf Hunter)                 Turns: 5908, Time: 00:02:17

Health: -1/46      AC:  6    Str: 10    XL:     8   Next: 75%
Magic:  0/10       EV: 12    Int: 15    God:
Gold:   238        SH:  0    Dex: 18    Spells: 7/7 levels left

rFire   + . .        Y - +0 orcbow
rCold   . . .        (shield currently unavailable)
rNeg    . . .        i - +0 ring mail {rF+}
rPois   .            (no helmet)
rElec   .            (no cloak)
rCorr   +            (no gloves)
SInv    .            l - +0 pair of boots
Will    +....        n - amulet of guardian spirit
Stlth   +            h - ring of resist corrosion
HPRegen 0.27/turn    d - ring of willpower
MPRegen 0.12/turn

%: guardian spirit
@: about to teleport
A: no striking features
a: no special abilities


You were on level 7 of the Dungeon.
You visited 2 branches of the dungeon, and saw 8 of its levels.

You collected 287 gold pieces.
You spent 49 gold pieces at shops.


   Skills:
 - Level 3.1 Fighting
 - Level 14.1 Ranged Weapons
 - Level 1.0 Armour
 + Level 4.0 Dodging
 - Level 1.2 Stealth


You had 7 spell levels left.
You didn't know any spells.
Your spell library was empty.

Inventory:

Hand Weapons
 Y - a +0 orcbow (weapon)
Armour
 i - a +0 ring mail of fire resistance (worn)
 l - a +0 pair of boots (worn)
Jewellery
 d - a ring of willpower (right hand)
 h - a ring of resist corrosion (left hand)
 n - an amulet of guardian spirit (around neck)
Scrolls
 a - a scroll of identify
Potions
 f - a potion of degeneration {unknown}
 g - a potion of curing
 j - a potion of haste
 k - a potion of mutation {unknown}
 m - a potion of heal wounds {unknown}
 o - a potion of magic {unknown}

Dungeon Overview and Level Annotations

Branches:
Dungeon (7/15)             Temple (1/1) D:5

Altars:
Ashenzari
Cheibriados
Dithmenos
Elyvilon
Fedhas
Gozag
Hepliaklqana
Kikubaaqudgha
Makhleb
Nemelex Xobeh
Okawaru
Qazlal
Ru
Sif Muna
Vehumet
Wu Jian
Xom
Yredelemnul
Zin
The Shining One

Shops:
D:1 ([   D:3 [

Annotations:
D:4 3 runed translucent doors, qw's ghost, amateur DEHu
D:5 2 runed translucent doors


Message History

The arrow closely misses the orc warrior.
The orc barely misses you. The orc hits you but does no damage.
The orc hits you with a +0 falchion. The orc barely misses you.
The orc warrior hits you with a +0 hand axe!
You shoot an arrow.
The arrow barely misses the orc warrior.
The orc hits you but does no damage. The orc hits you with a +0 hand axe.
The orc hits you but does no damage. The orc barely misses you.
The orc warrior closely misses you.
You shoot an arrow.
The arrow hits the orc warrior but does no damage.
The orc warrior is heavily wounded.
The orc closely misses you. The orc misses you. x3
The orc warrior hits you with a +0 hand axe.
You shoot an arrow.
The arrow closely misses the orc warrior.
The orc barely misses you. The orc hits you but does no damage.
The orc hits you with a +0 falchion. The orc hits you but does no damage.
The orc warrior hits you but does no damage.
You shoot an arrow. The arrow hits the orc warrior!
The orc warrior is almost dead.
The orc completely misses you. The orc hits you but does no damage.
The orc barely misses you. The orc hits you with a +0 whip.
The orc warrior hits you with a +0 hand axe.
You shoot an arrow. The arrow hits the orc warrior!
You kill the orc warrior!
The orc hits you with a +0 hand axe. The orc barely misses you.
Your Ranged Weapons skill increases to level 14!
You shoot an arrow. The arrow closely misses the orc.
The orc hits you but does no damage. x3
You shoot an arrow. The arrow barely misses the orc.
The orc hits you with a +0 flail. The orc closely misses you.
The orc hits you with a +0 hand axe. The orc misses you.
The orc barely misses you.
5908 ||| READING scroll of teleportation.
As you read the scroll of teleportation, it crumbles to dust.
You feel strangely unstable. The orc barely misses you.
The orc closely misses you. The orc barely misses you.
The orc hits you with a +0 falchion.
You die...

........# .......#
......# .....######
##########..........
#........#...).........
#........#.ooo.........
#........#.o@o.........
#........#.............
#........#..)).........
#........#.............
#........#..>..........
#...####.#.............
#...####.######'########
#......#................
#..<...#................


You could see 5 orcs.

Vanquished Creatures
  Prince Ribbit (D:5)
  Sigmund (D:5)
  Menkaure (D:4)
  An orc warrior (D:7)
  An ice beast (D:6)
  An ogre (D:4)
  A phantom (D:3)
  Blork the orc (D:5)
  2 bullfrogs
  2 scorpions
  An orc priest (D:4)
  A gnoll bouda (D:6)
  2 hounds
  Jessica (D:3)
  A sleepcap (D:5)
  3 iguanas
  4 orc wizards
  3 gnolls (D:6)
  6 adders
  2 shadow imps (D:5)
  A white imp (D:5)
  3 ufetubi
  2 worms
  4 dart slugs
  12 orcs
  2 bat zombies (D:6)
  10 endoplasms
  4 giant cockroaches
  8 goblins
  8 hobgoblins
  3 jackals (D:1)
  4 quokkas
  4 ball pythons
  10 bats
  3 frilled lizards
  5 kobolds
  7 rats
126 creatures vanquished.

Notes
Turn   | Place    | Note
-------+----------+-------------------------------------------
     0 | D:1      | qw the Deep Elf Hunter began the quest for the Orb.
     0 | D:1      | Reached XP level 1. HP: 12/12 MP: 3/3
     0 | D:1      | 0 ||| qw: Version: 0.3-a-22-g0ed2b0b
     0 | D:1      | 0 ||| qw: Game counter: 5507
     0 | D:1      | 0 ||| qw: Melee chars always use a shield: true
     0 | D:1      | 0 ||| qw: God list: Okawaru
     0 | D:1      | 0 ||| qw: Allow faded altars: false
     0 | D:1      | 0 ||| qw: Do Orc after clearing Dungeon:15 true
     0 | D:1      | 0 ||| qw: Do second Lair branch before Depths: true
     0 | D:1      | 0 ||| qw: Lair rune preference: random
     0 | D:1      | 0 ||| qw: Goals: Normal
     0 | D:1      | 0 ||| PLANNING D:1-11
    66 | D:1      | Reached XP level 2. HP: 16/16 MP: 4/4
    67 | D:1      | Reached skill level 6 in Ranged Weapons
    99 | D:1      | Found Uqoashri's Armour Shoppe.
   108 | D:1      | 108 ||| SHOPLISTING +0 cloak of poison resistance (102
                  | gold, have 17).
   108 | D:1      | 108 ||| SHOPLISTING +0 pair of boots (54 gold, have 17).
   108 | D:1      | 108 ||| SHOPLISTING +0 ring mail (48 gold, have 17).
   108 | D:1      | 108 ||| SHOPLISTING +2 leather armour of cold resistance
                  | (228 gold, have 17).
   108 | D:1      | 108 ||| SHOPLISTING +2 scale mail of fire resistance (252
                  | gold, have 17).
   180 | D:1      | Found a faded altar of an unknown god.
   397 | D:1      | Found Juucoiza's Weapon Shoppe.
   411 | D:1      | 411 ||| SHOPLISTING +4 arbalest of Raonuosh {penet, rC+
                  | rCorr Str+3 Int-4} (487 gold, have 22).
   435 | D:1      | Reached XP level 3. HP: 20/20 MP: 5/5
   645 | D:1      | Reached skill level 7 in Ranged Weapons
   754 | D:1      | 754 ||| READING scroll labelled WENYLE ICUS.
   855 | D:1      | 855 ||| READING scroll labelled MATIDA AFRYLO.
   856 | D:1      | 856 ||| READING scroll labelled KEX UNAGULO.
   861 | D:1      | 861 ||| DRINKING 2 glowing dark potions.
   862 | D:1      | 862 ||| DROPPING scroll of butterflies.
   928 | D:2      | Found a shimmering blue altar of Sif Muna.
  1267 | D:2      | Reached XP level 4. HP: 25/25 MP: 6/6
  1475 | D:2      | 1475 ||| DROPPING ring of magical power.
  1476 | D:2      | 1476 ||| READING 2 scrolls labelled FETHOD WOHUMO.
  1477 | D:2      | 1477 ||| READING scroll labelled NEUL NELUZU.
  1478 | D:2      | 1478 ||| READING 2 scrolls labelled AMIRAV OREU.
  1479 | D:2      | 1479 ||| DROPPING scroll of fog.
  1509 | D:3      | Found a sacrificial altar of Ru.
  1778 | D:3      | Reached skill level 8 in Ranged Weapons
  1952 | D:3      | Found Wigor's Armour Shoppe.
  1960 | D:3      | 1960 ||| BUYING +0 pair of boots (49 gold).
  1960 | D:3      | Bought a +0 pair of boots for 49 gold pieces
  1960 | D:3      | 1960 ||| SHOPLISTING +0 ring mail (44 gold, have 15).
  1960 | D:3      | 1960 ||| SHOPLISTING +1 scale mail of Beogh's Castigation
                  | {Str+3} (245 gold, have 15).
  1960 | D:3      | 1960 ||| SHOPLISTING +2 ring mail of willpower (231 gold,
                  | have 15).
  1960 | D:3      | 1960 ||| SHOPLISTING +2 robe of cold resistance (194 gold,
                  | have 15).
  1960 | D:3      | 1960 ||| SHOPLISTING +5 ring mail of Focipn {Will+ Str+2
                  | Dex-5} (388 gold, have 15).
  1960 | D:3      | 1960 ||| SHOPLISTING scarf of resistance (352 gold, have
                  | 15).
  2001 | D:3      | Noticed Jessica
  2008 | D:3      | Killed Jessica
  2009 | D:3      | Reached XP level 5. HP: 29/29 MP: 7/7
  2012 | D:3      | Found a shimmering altar of Xom.
  2182 | D:3      | 2182 ||| UPGRADING to +0 scale mail.
  2192 | D:3      | 2192 ||| DROPPING +0 leather armour.
  2193 | D:3      | 2193 ||| UPGRADING to +0 pair of boots.
  2198 | D:3      | 2198 ||| UPGRADING to ring of resist corrosion.
  2199 | D:3      | 2199 ||| READING scroll labelled ICZEGO VIUQIDA.
  2200 | D:3      | 2200 ||| DRINKING 2 fizzy orange potions.
  2210 | D:4      | Noticed a phantom
  2215 | D:4      | 2215 ||| STAIRDANCE
  2222 | D:3      | Killed a phantom
  2223 | D:3      | Reached skill level 9 in Ranged Weapons
  2302 | D:4      | Reached XP level 6. HP: 34/34 MP: 8/8
  2309 | D:4      | 2309 ||| FLEEEEING.
  2310 | D:4      | 2310 ||| FLEEEEING.
  2344 | D:4      | 2344 ||| Stepping ~*~*~tactically~*~*~ (outnumbered).
  2353 | D:4      | Reached skill level 1 in Armour
  2360 | D:4      | 2360 ||| FLEEEEING.
  2373 | D:4      | 2373 ||| FLEEEEING.
  2374 | D:4      | 2374 ||| FLEEEEING.
  2375 | D:4      | 2375 ||| FLEEEEING.
  2376 | D:4      | 2376 ||| STAIRDANCE
  2378 | D:3      | 2378 ||| DRINKING 2 potions of curing.
  2378 | D:3      | 2378 ||| (to cure confusion)
  2414 | D:4      | 2414 ||| STAIRDANCE
  2416 | D:4      | 2416 ||| STAIRDANCE
  2418 | D:3      | 2418 ||| DRINKING potion of curing.
  2418 | D:3      | 2418 ||| (to cure confusion)
  2425 | D:4      | 2425 ||| STAIRDANCE
  2600 | D:4      | Noticed Menkaure
  2606 | D:4      | Killed Menkaure
  2607 | D:4      | Reached skill level 10 in Ranged Weapons
  3006 | D:4      | Found a runed translucent gate.
  3006 | D:4      | Found a runed translucent gate.
  3006 | D:4      | Found a runed translucent gate.
  3009 | D:4      | Noticed qw's ghost (amateur DEHu)
  3010 | D:4      | 3010 ||| SWAPPING to +0 orcbow.
  3011 | D:4      | 3011 ||| DROPPING +0 shortbow.
  3024 | D:4      | HP: 5/35 [ogre/+0 giant club (6)]
  3025 | D:4      | 3025 ||| READING 2 scrolls of teleportation.
  3027 | D:4      | Reached XP level 7. HP: 7/40 MP: 9/9
  3162 | D:4      | Reached skill level 11 in Ranged Weapons
  3646 | D:4      | 3646 ||| DRINKING 2 fuming dark potions.
  3647 | D:4      | 3647 ||| DROPPING potion of invisibility.
  3657 | D:5      | Entered Level 5 of the Dungeon
  3657 | D:5      | Found a staircase to the Ecumenical Temple.
  3658 | D:5      | 3658 ||| PLANNING TEMPLE
  3658 | D:5      | 3658 ||| STAIRDANCE
  3693 | D:5      | 3693 ||| STAIRDANCE
  3698 | D:4      | Reached skill level 3 in Dodging
  3726 | D:5      | 3726 ||| STAIRDANCE
  3744 | D:5      | 3744 ||| STAIRDANCE
  3785 | D:5      | 3785 ||| STAIRDANCE
  3803 | D:5      | 3803 ||| STAIRDANCE
  3847 | D:5      | 3847 ||| STAIRDANCE
  3868 | Temple   | Entered the Ecumenical Temple
  4072 | Temple   | 4072 ||| PLANNING D:1-11
  4140 | D:5      | Noticed Prince Ribbit
  4147 | D:5      | Killed Prince Ribbit
  4148 | D:5      | Reached skill level 12 in Ranged Weapons
  4506 | D:5      | Reached skill level 3 in Fighting
  4506 | D:5      | Reached XP level 8. HP: 46/46 MP: 10/10
  4528 | D:5      | 4528 ||| UPGRADING to +0 ring mail of fire resistance.
  4561 | D:5      | 4561 ||| UPGRADING to +0 ring mail of fire resistance.
  4566 | D:5      | 4566 ||| DROPPING +0 scale mail.
  4571 | D:5      | Found a hazy altar of Hepliaklqana.
  4572 | D:5      | Noticed Blork the orc
  4573 | D:5      | Noticed Sigmund
  4574 | D:5      | 4574 ||| FLEEEEING.
  4575 | D:5      | 4575 ||| FLEEEEING.
  4604 | D:5      | Killed Blork the orc
  4610 | D:5      | 4610 ||| Stepping ~*~*~tactically~*~*~ (outnumbered).
  4621 | D:5      | Killed Sigmund
  4709 | D:5      | Found a large runed translucent door.
  4774 | D:5      | Found a large runed translucent door.
  5044 | D:5      | 5044 ||| UPGRADING to amulet of guardian spirit.
  5049 | D:5      | 5049 ||| READING scroll labelled PIWYREM HENO.
  5049 | D:5      | Found an opulent altar of Gozag.
  5049 | D:5      | Found an iron altar of Okawaru.
  5050 | D:5      | 5050 ||| READING scroll labelled BUH VIEMEW.
  5051 | D:5      | 5051 ||| READING 2 scrolls of identify.
  5051 | D:5      | 5051 ||| IDENTIFYING purple potion
  5052 | D:5      | 5052 ||| DROPPING potion of attraction.
  5261 | D:6      | Reached skill level 13 in Ranged Weapons
  5587 | D:6      | Found an ancient bone altar of Kikubaaqudgha.
  5838 | D:6      | 5838 ||| UPGRADING to ring of willpower.
  5839 | D:6      | 5839 ||| READING scroll labelled XUHIH SESHAR.
  5840 | D:6      | 5840 ||| READING 2 scrolls of identify.
  5840 | D:6      | 5840 ||| IDENTIFYING emerald potion
  5841 | D:6      | 5841 ||| DROPPING potion of brilliance.
  5906 | D:7      | Reached skill level 14 in Ranged Weapons
  5907 | D:7      | HP: 9/46 [orc/+0 flail (4)]
  5907 | D:7      | HP: 4/46 [orc/+0 hand axe (5)]
  5908 | D:7      | 5908 ||| READING scroll of teleportation.
  5908 | D:7      | Slain by an orc

Levels and vault maps discovered:
D:1:      amcnicky_arrival_gap_in_the_tavern_cellar, layout_basic,
          shapermc_ecumenical_altar_mp_highgroup, serial_shops,
          nicolae_shop_waterfront, shop
D:2:      layout_basic, basic_altar
D:3:      layout_rooms, nicolae_overflow_crystal_walls,
          lemuel_coloured_pillars_altar, serial_shops, shop, uniq_jessica
D:4:      layout_loops_corners, gammafunk_ghost_nasty_kobolds, kennysheep_nub,
          dk_noncrumbling_3, uniq_menkaure
D:5:      layout_loops_ring, jmf_multi_god_temple2, mainiacjoe_overflow_catwalk,
          minmay_temple_entry_proselytizer, serial_glass, glass_columns_a,
          glass_columns_b, glass_columns_b, glass_columns_b, uniq_sigmund,
          uniq_blork_the_orc, uniq_prince_ribbit1
D:6:      layout_basic, lemuel_zombie_altar_kikubaaqudgha
D:7:      layout_gridville, uniq_duvessa
Temple:   dpeg_chambers_temple

Skill      XL: |  1  2  3  4  5  6  7  8 |
---------------+-------------------------+-----
Ranged Weapons | 6 7 8 9 10 12 14 | 14.1
Armour         | 1 |  1.0
Fighting       | 2 3 |  3.1
Dodging        | 3 4 |  4.0
Stealth        | |  1.2

Action                     |  1- 3 |  4- 6 |  7- 9 || total
---------------------------+-------+-------+-------++-------
   Fire: Shortbow          |   124 |   165 |       ||   289
         Orcbow            |       |     7 |   156 ||   163
    Use: Scroll            |     3 |     5 |     6 ||    14
         Potion            |     1 |     3 |     1 ||     5
 Armour: Leather armour    |     8 |     4 |       ||    12
         Scale mail        |       |    22 |    39 ||    61
         Ring mail         |       |       |    18 ||    18
  Dodge: Dodged            |    10 |    35 |    71 ||   116

Table legend:
 A = Non-vault XP
 B = Vault XP
 C = Vault XP percentage of total XP
 D = Non-vault monster count
 E = Vault monster count
 F = Vault count percentage of total count
                 A         B        C        D         E       F
            +---------+---------+-------+---------+---------+-------
      Total |    1609 |     855 |  34.7 |     118 |       8 |   6.3
            +---------+---------+-------+---------+---------+-------
        D:1 |      64 |       0 |   0.0 |      36 |       0 |   0.0
        D:2 |      33 |       0 |   0.0 |      13 |       0 |   0.0
        D:3 |     289 |      37 |  11.3 |      25 |       1 |   3.8
        D:4 |     318 |     215 |  40.3 |      18 |       2 |  10.0
        D:5 |     312 |     599 |  65.8 |      13 |       3 |  18.8
        D:6 |     413 |       4 |   1.0 |       9 |       2 |  18.2
        D:7 |     180 |       0 |   0.0 |       4 |       0 |   0.0
            +---------+---------+-------+---------+---------+-------
